 Dungeon Crawl Stone Soup version 0.19-a0-1888-g6ba2374 (webtiles) character file.

118 TZer0alt the Insei (level 4, 17/33 HPs)
             Began as a Demigod Wizard on Oct 17, 2016.
             Quit the game on level 3 of the Dungeon.
             The game lasted 00:03:52 (2340 turns).

TZer0alt the Insei (Demigod Wizard)                 Turns: 2340, Time: 00:03:53

Health: 17/33      AC:  4    Str: 10    XL:     4   Next: 45%
Magic:  10/10      EV: 16    Int: 24    God:
Gold:   156        SH:  3    Dex: 14    Spells: 3 memorised, 2 levels left

rFire  . . .     SeeInvis .     k - +0 mace
rCold  . . .     Gourm    .     a - +0 robe
rNeg   . . .     Faith    .     l - +0 buckler
rPois  .         Spirit   .     t - +1 hat
rElec  .         Dismiss  .     (no cloak)
rCorr  .         Reflect  .     z - +0 pair of gloves
MR     .....     Harm     .     (no boots)
Stlth  +++.......               (no amulet)
                                u - ring of stealth
                                n - +5 ring of evasion

@: no status effects
A: high mp 1
a: no special abilities


You were on level 3 of the Dungeon.
You were not hungry.

You visited 1 branch of the dungeon, and saw 4 of its levels.

You collected 156 gold pieces.


Innate Abilities, Weirdness & Mutations

You have an increased reservoir of magic. (+10% MP)


   Skills:
 - Level 1.7 Dodging
 - Level 1.7 Stealth
 + Level 4.0 Unarmed Combat
 - Level 2.6 Spellcasting
 - Level 0.8 Conjurations
   Level 0.8 Summonings
 - Level 0.8 Translocations


You had 2 spell levels left.
You knew the following spells:

 Your Spells              Type           Power        Failure   Level  Hunger
a - Magic Dart            Conj           #...         14%         1    None
b - Conjure Flame         Conj/Fire      #.......     50%         3    ###....
B - Blink                 Tloc           N/A          21%         2    ##.....


Dungeon Overview and Level Annotations

Branches:
Dungeon (4/15)
 Temple: D:4-7

Inventory:

Hand Weapons
 f - a +0 club
   (You took it off a goblin on level 1 of the Dungeon)
 k - a +0 mace (weapon)
   (You found it on level 1 of the Dungeon)
Missiles
 v - 7 javelins of returning (quivered)
Armour
 a - a +0 robe (worn)
 l - a +0 buckler (worn)
   (You found it on level 3 of the Dungeon)
 t - a +1 hat (worn)
   (You found it on level 2 of the Dungeon)
 z - a +0 pair of gloves (worn)
   (You found it on level 4 of the Dungeon)
Jewellery
 n - a +5 ring of evasion (left hand)
   (You found it on level 1 of the Dungeon)
 r - an uncursed ring of see invisible
   (You found it on level 2 of the Dungeon)
 u - a ring of stealth (right hand)
   (You found it on level 2 of the Dungeon)
 x - an uncursed ring of teleportation
   (You found it on level 3 of the Dungeon)
Scrolls
 b - 2 scrolls of fog {unknown}
 h - a scroll of identify
 o - a scroll of recharging
 p - a scroll of amnesia
 q - 3 scrolls of teleportation
 s - 2 scrolls of magic mapping
Potions
 e - 2 potions of haste {unknown}
 g - a potion of berserk rage {unknown}
 i - 2 potions of curing
 m - a potion of heal wounds {unknown}
Books
 c - a book of Minor Magic

   Spells                             Type                      Level
   a - Magic Dart                     Conjuration                  1
   b - Blink                          Translocation                2
   c - Call Imp                       Summoning                    2
   d - Repel Missiles                 Charms/Air                   2
   e - Slow                           Hexes                        2
   f - Conjure Flame                  Conjuration/Fire             3
   g - Mephitic Cloud                 Conjuration/Poison/Air       3
 y - a book of Minor Magic
   (You found it on level 4 of the Dungeon)

   Spells                             Type                      Level
   a - Magic Dart                     Conjuration                  1
   b - Blink                          Translocation                2
   c - Call Imp                       Summoning                    2
   d - Repel Missiles                 Charms/Air                   2
   e - Slow                           Hexes                        2
   f - Conjure Flame                  Conjuration/Fire             3
   g - Mephitic Cloud                 Conjuration/Poison/Air       3
Comestibles
 d - 3 bread rations {!e}
 j - 3 beef jerkies
 w - a meat ration {!e}

.. ( # #. .#
.## .# ..
#(## #. ...#
#.##.#...#
#....@...+
#.......##
.....$.....#
.##....###.#
#.... ...
...... ###
######. ##


There were no monsters in sight!


Message History

The howler monkey is heavily wounded.
The howler monkey hits you but does no damage.
The howler monkey hits you!
Huge Dmg: -27%(-7hp) hp: 66%(17hp)
Casting: Magic Dart
Aiming: Magic Dart
Aim: a howler monkey (moderately wounded)
The magic dart hits the howler monkey.
The howler monkey is heavily wounded.
The howler monkey hits you.
Damage: -12%(-3hp) hp: 54%(14hp)
Casting: Magic Dart
Aiming: Magic Dart
Aim: a howler monkey (heavily wounded)
The magic dart hits the howler monkey.
The howler monkey is severely wounded.
The howler monkey hits you!
* * * LOW HITPOINT WARNING * * *
Huge Dmg: -27%(-7hp) hp: 27%(7hp)
Casting: Magic Dart
Aiming: Magic Dart
Aim: a howler monkey (severely wounded)
The magic dart hits the howler monkey.
The howler monkey is almost dead.
The howler monkey barely misses you.
The howler monkey hits you but does no damage.
Casting: Magic Dart
Aiming: Magic Dart
Aim: a howler monkey (almost dead)
The magic dart hits the howler monkey.
The howler monkey is almost dead.
The howler monkey hoots and howls with incredible vigour!
You hear a shout! x4
Unknown command.
Casting: Magic Dart
Aiming: Magic Dart
Aim: a howler monkey (almost dead, catching its breath)
You miscast Magic Dart.
You are very lightly contaminated with residual magic.
Nothing appears to happen.
The howler monkey hits you.
* * * LOW HITPOINT WARNING * * *
Huge Dmg: -15%(-4hp) hp: 12%(3hp)
Casting: Magic Dart
Aiming: Magic Dart
Aim: a howler monkey (almost dead, catching its breath)
The magic dart hits the howler monkey.
You kill the howler monkey!
Your Unarmed Combat skill increases to level 4!
You have reached level 4!
You see here a howler monkey corpse.
You butcher the howler monkey corpse.
A - 2 chunks of flesh {@*1}
There is a stone staircase leading up here.
You climb upwards.
Found 5 gold pieces, 20 arrows and 15 poisoned needles.
There is a stone staircase leading down here.
Eating one of 2 chunks of flesh {@*1}.
You start eating one of the 2 chunks of flesh {@*1}.
You finish eating.
You start resting.
Your magical contamination has completely faded away.
You start resting.
Magic restored.
You start resting.
Eating a chunk of flesh {@*1}.
You start eating the chunk of flesh {@*1}.
You are feeling hungry.
You finish eating.
Okay, then.
Are you sure you want to abandon this character and quit the game? (Confirm with "yes".)

Action                   |  1- 3 |  4- 6 || total
-------------------------+-------+-------++-------
Melee: Mace              |    95 |       ||    95
       Unarmed           |     1 |       ||     1
       Punch             |     2 |       ||     2
 Cast: Magic Dart        |    86 |     1 ||    87
  Use: Scroll            |     7 |       ||     7
 Stab: Sleeping          |     3 |       ||     3
  Eat: Chunk             |     3 |     2 ||     5
Armor: Robe              |    27 |       ||    27
Dodge: Dodged            |   146 |       ||   146
Block: Buckler           |     1 |       ||     1

Vault maps used:
D:1:      dpeg_arrival_rhombus
D:2:      serial_forest, infiniplex_forest_straight_5,
          infiniplex_forest_clump_cross, infiniplex_forest_lined_2,
          infiniplex_forest_clump_small, infiniplex_forest_straight_2,
          infiniplex_forest_lined_corner, infiniplex_forest_zigzag_2,
          infiniplex_forest_lined_3_way, infiniplex_forest_lined_ring,
          first_bread, minmay_tetromino_l4
D:3:      grunt_qazlal_sundering, grunt_gozag_statues,
          kennysheep_generic_room_13
D:4:      minivault_27, kennysheep_potato

Notes
Turn   | Place    | Note
-------+----------+-------------------------------------------
     0 | D:1      | TZer0alt the Demigod Wizard began the quest for the Orb.
     0 | D:1      | Reached XP level 1. HP: 14/14 MP: 6/6
    68 | D:1      | Reached skill level 1 in Unarmed Combat
   351 | D:1      | Reached XP level 2. HP: 20/20 MP: 4/8
   358 | D:1      | Learned a level 2 spell: Blink
   446 | D:1      | Reached skill level 2 in Unarmed Combat
   824 | D:1      | Huge Dmg: 8 dmg
   824 | D:1      | Reached XP level 3. HP: 11/26 MP: 0/9
   829 | D:1      | Learned a level 3 spell: Conjure Flame
   883 | D:1      | Huge Dmg: 4 dmg
  1307 | D:2      | Reached skill level 3 in Unarmed Combat
  1952 | D:3      | Found an opulent altar of Gozag.
  1978 | D:3      | Found a stormy altar of Qazlal.
  2049 | D:3      | You fall through a shaft!
  2221 | D:4      | Huge Dmg: 7 dmg
  2223 | D:4      | Huge Dmg: 7 dmg
  2225 | D:4      | HP: 3/26 [howler monkey (4)]
  2226 | D:4      | Huge Dmg: 4 dmg
  2226 | D:4      | Reached skill level 4 in Unarmed Combat
  2226 | D:4      | Reached XP level 4. HP: 4/33 MP: 1/10
  2340 | D:3      | Quit the game

Vanquished Creatures
  A howler monkey (D:4)
  An adder (D:2)
  3 dart slugs
  A leopard gecko (D:3)
  2 orcs (D:3)
  4 giant cockroaches
  6 goblins
  2 hobgoblins
  12 jackals
  A ball python (D:1)
  12 bats
  2 frilled lizards (D:1)
  4 kobolds
  6 rats
57 creatures vanquished.
